 Dungeon Crawl Stone Soup version 0.28-a0-1212-gc6b4282bc0 (webtiles) character file.

Game seed: 6966360777198922052

99 BinkBink the Ruffian (level 4, 0/40 HPs)
             Began as a Troll Transmuter on Dec 21, 2021.
             Was a Priest of Lugonu.
             Slain by an orc (5 damage)
             ... on level 3 of the Dungeon.
             The game lasted 00:02:15 (1262 turns).

BinkBink the Ruffian (Troll Transmuter)             Turns: 1262, Time: 00:02:16

Health: 0/40       AC:  4    Str: 24    XL:     4   Next: 45%
Magic:  6/6        EV:  9    Int: 11    God:    Lugonu [***...]
Gold:   67         SH:  0    Dex: 10    Spells: 6/7 levels left

rFire   . . .      SeeInvis .     - Unarmed
rCold   . . .      Faith    .   (no shield)
rNeg    . . .      Spirit   .   a - +0 robe
rPois   .          Reflect  .   (helmet restricted)
rElec   .          Harm     .   (no cloak)
rCorr   .          Rampage  .   (gloves unavailable)
Will    .....                   (boots unavailable)
Stlth   +.........              (no amulet)
HPRegen 0.93/turn               b - +6 ring of strength
MPRegen 0.10/turn               (no ring)

@: hasted, very quick
A: large, unfitting armour, claws 3, regeneration 1, shaggy fur 1, tough skin 1
a: Renounce Religion, Depart the Abyss, Bend Space, Banish


You were on level 3 of the Dungeon.
You worshipped Lugonu.
Lugonu was most pleased with you.
You visited 1 branch of the dungeon, and saw 3 of its levels.

You collected 67 gold pieces.

Inventory:

Hand Weapons
 g - a +0 spectral club
Armour
 a - a +0 robe (worn)
Jewellery
 b - a +6 ring of strength (left claw)
Wands
 h - a wand of digging (4)
Scrolls
 c - 4 scrolls of teleportation {unknown}
 d - a scroll of identify {unknown}


   Skills:
 - Level 0.7 Fighting
 - Level 1.5 Dodging
 + Level 3.9 Unarmed Combat
 + Level 2.0 Spellcasting
 + Level 2.3 Transmutations


You had 6 spell levels left.
You knew the following spells:

 Your Spells              Type           Power      Damage    Failure   Level
a - Beastly Appendage     Tmut           12%        N/A       12%         1

Your spell library contained the following spells:

 Spells                   Type           Power      Damage    Failure   Level
 Wereblood                Tmut           6%         N/A       17%         2
 Spider Form              Tmut/Pois      3%         N/A       50%         3
 Ice Form                 Ice/Tmut       3%         N/A       88%         4


Dungeon Overview and Level Annotations

Branches:
Dungeon (3/15)

Altars:
Lugonu

Annotations:
D:3 Ijyb


Innate Abilities, Weirdness & Mutations

You are too large for most types of armour.
You have claws for hands.
Your natural rate of healing is unusually fast.
You are covered in fur. (AC +1)
You have tough skin. (AC +1)


Message History

You barely miss Ijyb. You claw Ijyb.
Ijyb is heavily wounded.
Ijyb hits you with a +2 spectral club. The orc closely misses you.
The orc hits you with a +0 club.
You closely miss Ijyb.
Ijyb is heavily wounded.
Ijyb hits you with a +2 spectral club. The orc hits you but does no damage.
The orc hits you with a +0 club.
You claw Ijyb!
Ijyb is almost dead.
Ijyb hits you with a +2 spectral club. The orc hits you but does no damage.
The orc hits you with a +0 club.
You scratch Ijyb but do no damage.
Ijyb is almost dead.
Ijyb barely misses you. The orc hits you but does no damage.
The orc completely misses you.
You closely miss Ijyb.
Ijyb is almost dead.
Ijyb hits you with a +2 spectral club.
* * * LOW HITPOINT WARNING * * *
The orc hits you with a +0 hand axe.
* * * LOW HITPOINT WARNING * * *
The orc hits you with a +0 club.
* * * LOW HITPOINT WARNING * * *
You barely miss Ijyb. Your claw misses Ijyb.
Ijyb is almost dead.
The orc barely misses you.
Ijyb zaps a wand.
You barely resist. The orc hits you but does no damage.
You barely miss Ijyb. You claw Ijyb, but do no damage.
Ijyb is almost dead.
Ijyb hits you with a +2 spectral club.
* * * LOW HITPOINT WARNING * * *
The orc hits you with a +0 hand axe.
* * * LOW HITPOINT WARNING * * *
It was a potion of curing.
You feel better. The orc barely misses you.
Ijyb zaps a wand.
You barely resist. The orc hits you with a +0 hand axe.
* * * LOW HITPOINT WARNING * * *
It was a potion of haste.
You feel yourself speed up. The orc closely misses you.
The orc hits you with a +0 hand axe.
You die...

### .. ##
##.#
#.##..
#..#.#
#.#.# ).
#.go#
..≈.##@o#
#....#####
##.......#
##....<.#
##.....#
#######


You could see Ijyb and 2 orcs.

Vanquished Creatures
  Jessica (D:2)
  An adder (D:2)
  A gnoll (D:1)
  A worm (D:2)
  A dart slug (D:1)
  3 orcs (D:3)
  2 ball pythons (D:1)
  2 bats (D:1)
  5 endoplasms
  2 giant cockroaches
  2 goblins (D:1)
  9 hobgoblins
  2 jackals (D:1)
  3 quokkas
  4 kobolds (D:2)
  3 rats (D:1)
42 creatures vanquished.

Vanquished Creatures (others)
  4 toadstools (D:1)
4 creatures vanquished.

Grand Total: 46 creatures vanquished

Notes
Turn   | Place    | Note
-------+----------+-------------------------------------------
     0 | D:1      | BinkBink the Troll Transmuter began the quest for the Orb.
     0 | D:1      | Reached XP level 1. HP: 18/18 MP: 1/1
    91 | D:1      | Found a faded altar of an unknown god.
   129 | D:1      | Prayed at the altar of an unknown god.
   129 | D:1      | Became a worshipper of Lugonu the Unformed
   129 | D:1      | Reached * piety under Lugonu
   129 | D:1      | Reached ** piety under Lugonu
   192 | D:1      | Reached XP level 2. HP: 26/26 MP: 3/3
   426 | D:1      | Reached XP level 3. HP: 32/32 MP: 4/4
  1112 | D:2      | Noticed Jessica
  1118 | D:2      | Killed Jessica
  1119 | D:2      | Reached XP level 4. HP: 40/40 MP: 5/5
  1233 | D:3      | Noticed Ijyb
  1250 | D:3      | Reached *** piety under Lugonu
  1260 | D:3      | HP: 1/40 [orc (2)]
  1262 | D:3      | Slain by an orc

Illustrated notes

Levels and vault maps discovered:
D:1:      ldierk_walled_garden_2, layout_loops_ring,
          hellmonk_ecumenical_altar_pennies_from_heaven,
          minmay_misc_feat_more_columns
D:2:      minmay_wonky_spiral, layout_rooms, uniq_jessica
D:3:      layout_rooms, mainiacjoe_overflow_concentric_impassable,
          chequers_serial_rivers_micro_b, uniq_ijyb

Skill      XL: |  1  2  3  4 |
---------------+-------------+-----
Transmutations | 2 |  2.3
Spellcasting   | 2 |  2.0
Fighting       | |  0.7
Dodging        | |  1.5
Unarmed Combat | |  3.9

Action                   |  1- 3 |  4- 6 || total
-------------------------+-------+-------++-------
Melee: Unarmed           |    77 |    40 ||   117
       Punch             |       |     2 ||     2
  Use: Potion            |       |     2 ||     2
 Stab: Sleeping          |     1 |       ||     1
Armor: Robe              |    23 |    11 ||    34
Dodge: Dodged            |    27 |    26 ||    53

Table legend: (Time is in decaauts)
 A = Elapsed time spent in this place.
 B = Non-inter-level travel time spent in this place.
 C = Inter-level travel time spent in this place.
 D = Time resting spent in this place.
 E = Time spent auto-exploring this place.
 F = Levels seen in this place.
 G = Mean time per level.
                   A        B        C        D        E       F      G
               +--------+--------+--------+--------+--------+-----+--------+
         Total |   1256 |   1218 |     38 |      0 |    963 |   3 |  418.7 |
       Dungeon |   1256 |   1218 |     38 |      0 |    963 |   3 |  418.7 |
               +--------+--------+--------+--------+--------+-----+--------+

Top non-repeatable levels by time:
     D:1: 664 daAuts
     D:2: 559 daAuts
     D:3: 32 daAuts
